woodfighter, neutral female human Wizard --- ---------- ----- --*---.....--.--- ----|...| |...|...........| |..--...-- |...............| |........| |............---- --.*.....-- |.........^..| |.....---- --....|.|...-| --.....| --..------).-- --.....-| ---- |....| |.......--- |....| ---.-....[..-- --..-----|........))..| |@--...--.--..--...<.-- |.q.^.....|----|......| ---........-| ---...%.-- |...........| --.......| -.........--- |........| .......G---..| --......-- -....|..| |..| ----...| --.------ ---- --..| -- ---- woodfighter the Thaumaturge Experience level: 9 Strength: 9 Dexterity: 9 Constitution: 16 Intelligence: 18 Wisdom: 19 Charisma: 8 Health: 0(63) Energy: 95(150) Def: 5 Gold: 0 Moves: 10019 Dungeon seed: I3EIaKPn9WbP-8Dq Game ID: woodfighter_1454854809 Your Inventory: Weapons a - a blessed +1 quarterstaff (weapon in hands) Armor e - an uncursed +0 cloak of magic resistance (being worn) j - an uncursed +0 studded leather armor (being worn) q - an uncursed +0 dwarvish cloak r - an uncursed +0 dwarvish cloak O - an uncursed +0 pair of elven boots (being worn) Comestibles c - an uncursed tin of bugbear meat E - an uncursed lichen corpse I - an uncursed lizard corpse J - 3 uncursed cram rations Q - an uncursed fortune cookie Scrolls d - an uncursed scroll of scare monster g - an uncursed scroll of identify Potions i - an uncursed potion of fruit juice Tools f - an uncursed magic whistle h - an uncursed tallow candle (0:200) k - an uncursed towel s - an uncursed bag of holding A - a +0 pick-axe C - a horn of plenty (0:15) G - an uncursed brass lantern (0:876) U - an uncursed stethoscope Gems n - an uncursed luckstone Contents of the bag of holding: 3 uncursed food rations an uncursed sprig of wolfsbane 3 uncursed tripe rations Spells and supernatural/magical abilities: Name Level Category Fail Memory a - force bolt 1 attack 0% 50% j - jumping 1 escape 0% 99% k - knock 1 matter 0% 83% l - light 1 divination 0% 94% m - magic missile 2 attack 0% 84% u - confuse monster 2 enchantment 0% 57% H - haste self 3 escape 70% 50% W - pray for help -- divine ? -- Your skills at the end: Miscellaneous Skills wands [Basic] Weapon Skills quarterstaff [Basic] Spellcasting Skills attack spells [Basic] enchantment spells [Basic] Final Attributes: You were fervently aligned. You were magic-protected. You had wounded legs. You were stealthy. You were fast. You were lucky. You had extra luck. Bad luck did not time out for you. Good luck did not time out for you. You are dead. Vanquished creatures: 3 giant mimics a warg a xan a pyrolisk a tengu a chameleon 3 wolves a panther 2 leprechauns a lizard 2 orc-captains a giant spider a gnome king a dingo 2 dwarf lords a blue jelly a dust vortex a snake a human zombie 4 soldier ants a bugbear a wood nymph an orc shaman a rock mole a rock piercer a pony 2 fog clouds a yellow light a shrieker 16 gnome lords 4 gnomish wizards 3 elf zombies a ghoul 9 giant ants a little dog a floating eye 19 dwarves a homunculus a kobold shaman 3 iguanas 2 rothes 2 rabid rats a centipede 2 giant bats a monkey 6 dwarf zombies a werejackal 2 gas spores 5 hobbits 2 acid blobs a large kobold 4 geckos a hobgoblin 6 giant rats 2 cave spiders 2 brown molds 4 yellow molds a green mold 4 red molds 52 gnomes 11 garter snakes 3 manes a gnome zombie 7 jackals 3 foxes 4 kobolds 14 newts 9 goblins 4 sewer rats 10 grid bugs 11 lichens 7 kobold zombies 284 creatures vanquished. Voluntary challenges: You used a wielded weapon 43 times, starting on turn 96. You did not apply a unicorn horn. You read items or engraved 22 times, starting on turn 575. You never genocided any monsters. You never polymorphed an object. You never changed form. You completed Sokoban on turn 6756, according to the rules. You used no wishes. You never split a pudding. You never wrote Elbereth's name. You violated your moral code, losing 5 points of alignment, starting on turn 4508. Dungeon overview: The Dungeons of Doom: levels 1 to 7 Level 1 a long staircase Level 2 an altar to Thoth, a sink Level 3 stairs to The Gnomish Mines Level 4 (locked box) an altar to Thoth Level 5 many fountains Level 6 some fountains stairs to Sokoban Level 7 The Gnomish Mines: levels 4 to 11 Level 4 stairs to The Dungeons of Doom Level 5 Level 6 Level 7 many shops, a temple to Anhur, a magic chest, some fountains Level 8 Level 9 Level 10 Level 11 <- You were here Sokoban: levels 2 to 5 Level 2 Level 3 Level 4 Level 5 a magic chest stairs to The Dungeons of Doom History has recorded: On T:1 you entered the Dungeons of Doom to retrieve the Amulet of Yendor! On T:106 you reached level 2 of The Dungeons of Doom. On T:282 you advanced to experience level 2. On T:354 you reached level 3 of The Dungeons of Doom. On T:902 you advanced to experience level 3. On T:928 you reached level 1 of The Gnomish Mines. On T:956 you reached level 4 of The Dungeons of Doom. On T:1193 you advanced to experience level 4. On T:1294 you reached level 5 of The Dungeons of Doom. On T:1676 you advanced to experience level 5. On T:1846 you reached level 6 of The Dungeons of Doom. On T:2251 you reached level 7 of The Dungeons of Doom. On T:2601 you advanced to experience level 6. On T:2962 you reached level 4 of Sokoban. On T:3185 you opened a magic chest. On T:3338 you opened a magic chest. On T:3338 you opened a magic chest. On T:3381 you opened a magic chest. On T:3531 you reached level 3 of Sokoban. On T:3965 you opened a magic chest. On T:4253 you opened a magic chest. On T:4253 you opened a magic chest. On T:4307 you reached level 2 of Sokoban. On T:4773 you reached level 1 of Sokoban. On T:5750 you advanced to experience level 7. On T:6473 you opened a magic chest. On T:6474 you opened a magic chest. On T:6478 you opened a magic chest. On T:6481 you opened a magic chest. On T:6484 you opened a magic chest. On T:6485 you opened a magic chest. On T:6672 you opened a magic chest. On T:6673 you opened a magic chest. On T:6689 you opened a magic chest. On T:6756 you advanced to experience level 8. On T:6756 you entered the Sokoban zoo. On T:6940 you opened a magic chest. On T:7517 you reached level 2 of The Gnomish Mines. On T:7557 you reached level 3 of The Gnomish Mines. On T:8160 you reached level 4 of The Gnomish Mines. On T:8412 you entered the Minetown temple On T:8521 you reached level 5 of The Gnomish Mines. On T:8767 you opened a magic chest. On T:8773 you opened a magic chest. On T:9050 you reached level 6 of The Gnomish Mines. On T:9142 you advanced to experience level 9. On T:9256 you reached level 7 of The Gnomish Mines. On T:9408 you reached level 8 of The Gnomish Mines. On T:9676 you opened a magic chest. On T:9679 you opened a magic chest. On T:9681 you opened a magic chest. On T:9736 you opened a magic chest. Score breakdown: Gold: 0 ( 0 points) Experience: 9 levels ( 800 points) Exploration: 11 levels ( 300 points) Discoveries: 21 items ( 1050 points) Variety of kills: 72 monsters ( 2000 points) Major goal: finished Sokoban ( 1000 points) Survival: died (score multiplied by 3) Total score: 15450 Latest messages: You sold an uncursed dwarvish cloak for 25 gold pieces. You drop an uncursed dwarvish cloak. You sold an uncursed dwarvish cloak for 25 gold pieces. You drop an uncursed dwarvish cloak. You sold an uncursed dwarvish cloak for 25 gold pieces. You drop a blessed dwarvish cloak. You sold a blessed dwarvish cloak for 25 gold pieces. You drop a dwarvish cloak. You sold a dwarvish cloak for 25 gold pieces. You drop a dwarvish cloak. You sold a dwarvish cloak for 30 gold pieces. You drop a dwarvish cloak. You sold a dwarvish cloak for 25 gold pieces. You drop a dwarvish cloak. The magic missile hits the leocrotta! The magic missile bounces! The leocrotta claws you! You die... Final status: Goodbye woodfighter the Wizard, killed by a leocrotta... You died in The Gnomish Mines on dungeon level 11 with 15450 points, and 0 pieces of gold, after 10019 moves. You were level 9 with a maximum of 63 hit points when you died.